 Dungeon Crawl Stone Soup version 0.29.0-13-gc9e81de378 (webtiles) character file.

Game seed: 14652478529230181125

8 Artool the Cudgeller (level 2, 15/22 HPs)
             Began as a Demonspawn Gladiator on Sept 7, 2022.
             Quit the game on level 1 of the Dungeon.
             The game lasted 00:00:43 (58 turns).

Artool the Cudgeller (Demonspawn Gladiator)           Turns: 58, Time: 00:00:44

Health: 15/22      AC:  7    Str: 14    XL:     2   Next: 0%
Magic:  2/2        EV: 10    Int:  9    God:
Gold:   4          SH:  0    Dex: 14    Spells: 1/1 levels left

rFire   . . .      SeeInvis .   a - +0 flail
rCold   . . .      Faith    .   (no shield)
rNeg    . . .      Spirit   .   f - +0 scale mail
rPois   .          Reflect  .   c - +0 helmet
rElec   .          Harm     .   (no cloak)
rCorr   .          Rampage  .   (no gloves)
Will    .....                   (no boots)
Stlth   ..........              (no amulet)
HPRegen 0.07/turn               (no ring)
MPRegen 0.08/turn               (no ring)

@: no status effects
A: demonic magic 1
a: no special abilities


You were on level 1 of the Dungeon.
You visited 1 branch of the dungeon, and saw 1 of its levels.

You collected 4 gold pieces.

Inventory:

Hand Weapons
 a - a +0 flail (weapon)
Missiles
 d - 3 throwing nets (quivered)
 e - a javelin
Armour
 b - a +0 leather armour
 c - a +0 helmet (worn)
 f - a +0 scale mail (worn)


   Skills:
 + Level 2.1 Fighting
 + Level 2.8 Maces & Flails
 + Level 1.9 Throwing
 + Level 0.4 Armour
 + Level 2.8 Dodging


You had one spell level left.
You didn't know any spells.
Your spell library was empty.

Dungeon Overview and Level Annotations

Branches:
Dungeon (1/15)

Altars:

Annotations:
D:1 2 transporters


Innate Abilities, Weirdness & Mutations

Spells you cast may paralyse adjacent enemies.


Message History

The dart slug is moderately wounded.
The dart slug bites you but does no damage.
You sock the dart slug!
You kill the dart slug!
No target in view!
No target in view!
A hobgoblin comes into view.
The hobgoblin shouts!
An endoplasm comes into view.
The hobgoblin hits you.
You see here a dart slug corpse.
There are monsters nearby!
You barely miss the endoplasm. The endoplasm closely misses you.
The hobgoblin hits you but does no damage.
There are monsters nearby!
You hit the endoplasm.
The endoplasm is moderately wounded.
The endoplasm closely misses you. The hobgoblin closely misses you.
The endoplasm hits you but does no damage.
The hobgoblin hits you but does no damage.
You hit the endoplasm.
The endoplasm is heavily wounded.
The hobgoblin hits you but does no damage.
The endoplasm freezes you.
You are frozen.
You hit the endoplasm.
The endoplasm is heavily wounded.
The endoplasm misses you.
The hobgoblin hits you but does no damage.
You hit the endoplasm.
You kill the endoplasm!
The hobgoblin hits you.
You hit the hobgoblin.
You kill the hobgoblin!
A bat comes into view.
You have reached level 2!
Your demonic ancestry asserts itself...
A menacing aura infuses your magic.
Unknown command.
Are you sure you want to abandon this character and quit the game? (Confirm with "yes".)

##### .. ##.^.## #.
##.....## ####.#
#####.......### .....
#.....†........ b...
..###..........
#..######...........
#.#..#.......#.#.#)...
#...†@.###>...........
.........# #...#.#.#.#.#
###....#.# #.........#.#
....(..........#.#.#...#
.......###...........#.≈
##..... #...###......≈≈
......# #...# ######≈≈
####.. ..# #≈≈ #~≈≈


You could see a bat.

Vanquished Creatures
  A dart slug (D:1)
  An endoplasm (D:1)
  A hobgoblin (D:1)
  A quokka (D:1)
  A frilled lizard (D:1)
  A rat (D:1)
6 creatures vanquished.

Notes
Turn   | Place    | Note
-------+----------+-------------------------------------------
     0 | D:1      | Artool the Demonspawn Gladiator began the quest for the
                  | Orb.
     0 | D:1      | Reached XP level 1. HP: 16/16 MP: 1/1
    58 | D:1      | Gained mutation: Spells you cast may paralyse adjacent
                  | enemies. [demonic ancestry]
    58 | D:1      | Reached XP level 2. HP: 15/22 MP: 2/2
    58 | D:1      | Quit the game

Illustrated notes

Levels and vault maps discovered:
D:1:      spicycebolla_arrival_transporter_tutorial, layout_loops_ring,
          serial_glass, glass_columns_b, glass_columns_a, item_on_display_a,
          feat_on_display, feat_on_display, serial_bayou_pond_c,
          minmay_statues_item, chequers_serial_rivers_micro_c

Action                   || total
-------------------------++-------
Melee: Flail             ||    12
Armor: Scale mail        ||     6
       Leather armour    ||     2
Dodge: Dodged            ||     5
